 Dungeon Crawl Stone Soup version 0.27.1-15-g792fb953b9 (webtiles) character file.

Game seed: 5348169591899311503

22 raph the Ogre Mage (level 2, -1/28 HPs)
             Began as an Ogre Hedge Wizard on Nov 20, 2021.
             Frozen to death by an endoplasm (3 damage)
             ... on level 1 of the Dungeon.
             The game lasted 00:02:45 (1463 turns).

raph the Ogre Mage (Ogre Hedge Wizard)              Turns: 1463, Time: 00:02:46

Health: -1/28      AC:  4    Str: 12 (13) XL:     2   Next: 91%
Magic:  3/6        EV:  9    Int: 12 (15) God:
Gold:   56         SH:  0    Dex:  6 (8)  Spells: 3/8 levels left

rFire    . . .     SeeInvis .   a - +0 dagger
rCold    . . .     Faith    .   (no shield)
rNeg     . . .     Spirit   .   b - +0 robe
rPois    .         Reflect  .   c - +0 hat
rElec    .         Harm     .   e - +0 cloak
rCorr    .         Rampage  .   (gloves unavailable)
Will     .....                  (boots unavailable)
Stlth    +.........             (no amulet)
HPRegen  0.09/turn              (no ring)
MPRegen  0.10/turn              (no ring)

@: no status effects
A: large, unfitting armour, tough skin 1
a: no special abilities


You were on level 1 of the Dungeon.
You visited 1 branch of the dungeon, and saw 1 of its levels.

You collected 56 gold pieces.

Inventory:

Hand Weapons
 a - a +0 dagger (weapon)
Armour
 b - a +0 robe (worn)
 c - a +0 hat (worn)
 e - a +0 cloak (worn)
Scrolls
 d - a scroll of identify {unknown}


   Skills:
 * Level 1.6 Fighting
 + Level 1.9 Dodging
 + Level 1.5 Stealth
 + Level 3.7 Spellcasting
 - Level 1.0 Conjurations
 + Level 1.1 Summonings
 + Level 1.1 Translocations


You had 3 spell levels left.
You knew the following spells:

 Your Spells              Type           Power      Damage    Failure   Level
a - Magic Dart            Conj           16%        1d3       14%         1
b - Blink                 Tloc           N/A        N/A       22%         2
c - Wereblood             Tmut           2%         N/A       34%         2

Your spell library contained the following spells:

 Spells                   Type           Power      Damage    Failure   Level
 Beastly Appendage        Tmut           4%         N/A       22%         1
 Sandblast                Erth           4%         2d4       22%         1
 Call Imp                 Summ           5%         N/A       22%         2
 Passwall                 Tmut/Erth      1%         N/A       34%         2
 Slow                     Hex            2%         N/A       34%         2
 Conjure Flame            Conj/Fire      3%         6-21      50%         3
 Mephitic Cloud           Conj/Pois/Air  3%         N/A       52%         3
 Inner Flame              Hex/Fire       2%         N/A       56%         3
 Spider Form              Tmut/Pois      1%         N/A       56%         3
 Cause Fear               Hex            1%         N/A       92%         4
 Lee's Rapid Deconstruct  Erth           1%         3d5*      99%         5
 Discord                  Hex            1%         N/A       100%        8


Dungeon Overview and Level Annotations

Branches:
Dungeon (1/15)

Altars:


Innate Abilities, Weirdness & Mutations

You are too large for most types of armour.
You have tough skin. (AC +1)


Message History

Unknown command.
You don't have enough magic to cast this spell.
You hit the hobgoblin.
The hobgoblin is severely wounded.
The hobgoblin hits you but does no damage.
You are too injured to fight recklessly!
You are too injured to fight recklessly!
You barely miss the hobgoblin.
The hobgoblin is severely wounded.
The hobgoblin hits you.
* * * LOW HITPOINT WARNING * * *
You closely miss the hobgoblin.
The hobgoblin is severely wounded.
The hobgoblin closely misses you.
Your magical contamination has completely faded away.
The hobgoblin hits you but does no damage.
A dart slug comes into view.
The hobgoblin hits you but does no damage.
The hobgoblin hits you.
* * * LOW HITPOINT WARNING * * *
The hobgoblin barely misses you.
The hobgoblin hits you but does no damage.
The hobgoblin hits you.
* * * LOW HITPOINT WARNING * * *
An endoplasm comes into view.
Aiming: Magic Dart (safe; 12% risk of failure)
Press: ? - help, Q - select action, (/) - cycle Shift-Dir - straight line, f/p - hobgoblin
Aim: a hobgoblin (severely wounded, 100% to hit)
The magic dart hits the hobgoblin but does no damage.
The hobgoblin is severely wounded.
The hobgoblin hits you.
* * * LOW HITPOINT WARNING * * *
Okay, then.
It was a potion of degeneration.
There was something very wrong with that liquid.
You feel weakened.
You feel dopey.
You feel clumsy. The hobgoblin barely misses you. The endoplasm freezes you.
You are frozen.
You die...

....................># #.
#####.#..........##### #.
#.###........# #. #g.##..w.....#
#. ##.##........# #.
######[.#....g...# #.
#..............g.# #.
...........†...J.# #.
..........♣♣♣♣♣♣@# #. .........♣♣
♣.# #######. #........♣♣ ♣.#
#...#... #.........♣ ♣♣.#
#.##.#.. #.........♣♣♣♣♣..#
#.#.###.
#................##########.#.#.#
.....[.....+...............###.#.
.....†.#..##...##...#####...#.##.
.......##.##...##...# ###......


You could see a dart slug, an endoplasm and 2 hobgoblins.

Vanquished Creatures
  A dart slug (D:1)
  3 endoplasms (D:1)
  3 giant cockroaches (D:1)
  A goblin (D:1)
  3 kobolds (D:1)
  A quokka (D:1)
  A bat (D:1)
  5 rats (D:1)
18 creatures vanquished.

Notes
Turn   | Place    | Note
-------+----------+-------------------------------------------
     0 | D:1      | raph the Ogre Hedge Wizard began the quest for the Orb.
     0 | D:1      | Reached XP level 1. HP: 16/16 MP: 5/5
    42 | D:1      | Reached skill level 1 in Translocations
   141 | D:1      | Reached skill level 1 in Summonings
   272 | D:1      | Reached skill level 1 in Conjurations
   333 | D:1      | Reached XP level 2. HP: 10/26 MP: 4/6
   542 | D:1      | Reached skill level 1 in Fighting
   557 | D:1      | Learned a level 2 spell: Blink
   560 | D:1      | Learned a level 2 spell: Wereblood
   925 | D:1      | Found a faded altar of an unknown god.
  1453 | D:1      | HP: 1/28 [hobgoblin (2)]
  1463 | D:1      | Frozen to death by an endoplasm

Illustrated notes

Levels and vault maps discovered:
D:1:      elethiomel_arrival_diamonds, layout_basic,
          chequers_ecumenical_altar_twisty, nrook_campfire, minmay_tripent

Skill      XL: |  1  2 |
---------------+-------+-----
Translocations | 1 |  1.1
Summonings     | 1 |  1.1
Conjurations   | 1 |  1.0
Fighting       | 1 |  1.6
Dodging        | |  1.9
Stealth        | |  1.5
Spellcasting   | |  3.7

Action                   || total
-------------------------++-------
Melee: Dagger            ||    81
 Cast: Magic Dart        ||    25
  Use: Potion            ||     1
 Stab: Sleeping          ||     4
Armor: Robe              ||    27
Dodge: Dodged            ||    30
